 Dungeon Crawl Stone Soup version 0.28-a0-1233-g92def6ad0a (webtiles) character file.

Game seed: 5370397763290236200

1034 Lekart the Chopper (level 8, -10/63 (70) HPs)
             Began as a Purple Draconian Chaos Knight on Dec 23, 2021.
             Was a Plaything of Xom.
             Mangled by a wight (13 damage)
             ... on level 6 of the Dungeon.
             The game lasted 00:06:39 (3845 turns).

Lekart the Chopper (Purple Draconian Chaos Knight)  Turns: 3845, Time: 00:06:40

HP:   -10/63 (70)   AC:  6    Str: 12    XL:     8   Next: 3%
MP:   11/11         EV: 13    Int: 22    God:    Xom [*.....]
Gold: 141           SH:  5    Dex: 13    Spells: 10/12 levels left

rFire   . . .      SeeInvis +   c - +2 hand axe (flame)
rCold   . . .      Faith    .   (no shield)
rNeg    . . .      Spirit   .   (armour unavailable)
rPois   .          Reflect  +   (helmet restricted)
rElec   .          Harm     .   (no cloak)
rCorr   .          Rampage  .   (no gloves)
Will    ++++.                   (no boots)
Stlth   +.........              b - amulet of Sewamo Zoraph {Reflect Will+++ Str-2 Int+9 SH+5 SInv}
HPRegen 0.20/turn               (no ring)
MPRegen 0.12/turn               (no ring)

@: heavily drained
A: breathe power, AC +6, unfitting armour, cold-blooded
a: Breathe Dispelling Energy, Renounce Religion


You were on level 6 of the Dungeon.
You worshipped Xom.
You were a special plaything of Xom.
You visited 1 branch of the dungeon, and saw 4 of its levels.

You collected 141 gold pieces.

Inventory:

Hand Weapons
 a - a +0 hand axe of chaos
 c - a +2 hand axe of flaming (weapon)
Jewellery
 b - the amulet of Sewamo Zoraph (around neck) {Reflect Will+++ Str-2 Int+9 SH+5 SInv}
   (You acquired it on level 6 of the Dungeon)

   [amulet of reflection]

   It reflects blocked missile attacks.
   Str:       It affects your strength (-2).
   Int:       It affects your intelligence (+9).
   SInv:      It lets you see invisible.
   SH:        It affects your SH (+5).
   Will:      It greatly increases your willpower.


   Skills:
 + Level 5.8 Fighting
 + Level 6.6 Axes
 + Level 3.8 Dodging
 * Level 2.5 Spellcasting
 * Level 2.2 Transmutations
 * Level 2.3 Earth Magic


You had 10 spell levels left.
You knew the following spells:

 Your Spells              Type           Power      Damage    Failure   Level
a - Passwall              Tmut/Erth      10%        N/A       8%          2

Your spell library contained the following spells:

 Spells                   Type           Power      Damage    Failure   Level
 Sandblast                Erth           24%        2d8       4%          1
 Sting                    Tmut/Pois      28%        1d4       9%          1
 Poisonous Vapours        Pois/Air       4%         N/A       21%         2
 Stone Arrow              Conj/Erth      14%        3d7       24%         3
 Olgreb's Toxic Radiance  Pois           2%         N/A       78%         4


Dungeon Overview and Level Annotations

Branches:
Dungeon (3/15)

Altars:
Elyvilon
Xom

Annotations:
D:6 2 transporters, Maggie; stillor's ghost, novice DrTm


Innate Abilities, Weirdness & Mutations

You can breathe bolts of dispelling energy.
Your rich purple scales are hard. (AC +6)
You cannot fit into any form of body armour.
You are cold-blooded and may be slowed by cold attacks.


Message History

The wight is almost destroyed.
The wight hits you with a +1 scimitar.
You closely miss the wight.
The wight is almost destroyed.
Xom alters the dungeon around you. The wight hits you with a +1 scimitar!
* * * LOW HITPOINT WARNING * * *
You feel drained.
* * * LOW HITPOINT WARNING * * *
Maggie casts a spell.
Maggie attempts to bespell you! You resist with almost no effort.
The wight hits you with a +1 scimitar.
* * * LOW HITPOINT WARNING * * *
Maggie gestures wildly while chanting.
Maggie attempts to bespell you! You resist with almost no effort.
You see here a +0 club.
Maggie casts a spell.
Maggie attempts to bespell you! You resist with almost no effort.
You aren't carrying any potions.
Xom chortles.
The wight's +1 scimitar erupts in a glittering mayhem of colour.
Maggie gestures wildly while chanting.
Maggie attempts to bespell you! You resist with almost no effort.
Maggie mumbles some strange words.
Maggie attempts to bespell you! You resist with almost no effort.
You see here a +0 giant spiked club.
You hit the wight but do no damage.
Your tail-slap misses the wight.
The wight is almost destroyed.
The wight hits you with a +1 scimitar of chaos.
* * * LOW HITPOINT WARNING * * *
You feel drained.
* * * LOW HITPOINT WARNING * * *
The wight burns you.
* * * LOW HITPOINT WARNING * * *
You closely miss the wight.
You tail-slap the wight, but do no damage.
The wight is almost destroyed.
The wight hits you with a +1 scimitar of chaos!
You die...
Xom snickers!

#.# #. #.# ####. #.#
#.... #.# #########
#.... #.# #.......#
#.... #.# #.......#
#....
#.####.......#####..
#.#..............#..
#)#@##.......###.#..
#.#z##.รท.....#
#.#..
#.#.##.......###.#..
#.#.##..............
#@#.##.#########.#..
#.#.##.# #.#..
#.#@##.# #.###
#.#.##.# #.#
#@#.##.# #.#


You could see Maggie and a wight.

Vanquished Creatures
  An ice beast (D:6)
  A wight (D:6)
  6 adders
  2 worms (D:2)
  3 dart slugs
  9 orcs
  A bat (D:1)
  6 endoplasms
  A giant cockroach (D:1)
  5 goblins
  A hobgoblin (D:2)
  4 jackals (D:2)
  A quokka (D:1)
  7 ball pythons
  5 frilled lizards
  3 kobolds
  5 rats
61 creatures vanquished.

Vanquished Creatures (collateral kills)
  A two-headed ogre (D:6)
  A hornet (shapeshifter) (D:2)
  An adder (D:2)
  A worm (D:2)
  A giant cockroach (D:2)
  A goblin (D:2)
  2 hobgoblins (D:2)
  A rat (D:2)
9 creatures vanquished.

Vanquished Creatures (others)
  A dancing weapon (D:6)
  A plant (D:3)
2 creatures vanquished.

Grand Total: 72 creatures vanquished

Notes
Turn   | Place    | Note
-------+----------+-------------------------------------------
     0 | D:1      | Lekart the Draconian Chaos Knight began the quest for the
                  | Orb.
     0 | D:1      | Reached XP level 1. HP: 19/19 MP: 1/1
   174 | D:1      | Reached XP level 2. HP: 21/26 MP: 2/2
   182 | D:1      | XOM: silly message
   202 | D:1      | XOM: summons 3 hostile shadow creatures
   777 | D:1      | Found a faded altar of an unknown god.
  1092 | D:2      | Reached XP level 3. HP: 25/33 MP: 3/3
  1329 | D:2      | Found a white marble altar of Elyvilon.
  1394 | D:2      | Noticed a shapeshifter
  1394 | D:2      | a dart slug changed into a shapeshifter
  1394 | D:2      | Noticed a yak
  1394 | D:2      | a shapeshifter changed into a yak
  1400 | D:2      | Noticed a shapeshifter
  1400 | D:2      | a yak changed into a shapeshifter
  1401 | D:2      | Noticed a hornet
  1401 | D:2      | a shapeshifter changed into a hornet
  1403 | D:2      | XOM: summons friendly orange demon
  1412 | D:2      | Killed a hornet
  1413 | D:2      | Reached skill level 5 in Axes
  1413 | D:2      | Reached XP level 4. HP: 27/41 MP: 4/4
  1413 | D:2      | Reached XP level 5. HP: 31/47 MP: 5/5
  1612 | D:2      | XOM: cast spell 'Summon Dragon'
  1974 | D:2      | XOM: silly message
  2016 | D:2      | Reached skill level 5 in Fighting
  2038 | D:2      | Reached XP level 6. HP: 56/56 MP: 6/6
  2387 | D:2      | XOM: enchant monster (bad)
  2404 | D:2      | XOM: enchant monster (bad)
  2750 | D:3      | Learned a level 2 spell: Passwall
  3194 | D:3      | You fall into a shaft and drop 3 floors!
  3287 | D:6      | Noticed an ice beast
  3289 | D:6      | XOM: destruction
  3299 | D:6      | Killed an ice beast
  3535 | D:6      | Noticed a two-headed ogre
  3538 | D:6      | Identified a scroll of acquirement
  3538 | D:6      | Acquired the amulet of Sewamo Zoraph {Reflect Will+++ Str-2
                  | Int+9 SH+5 SInv}
  3567 | D:6      | XOM: cleaving
  3589 | D:6      | XOM: potion effect (might)
  3630 | D:6      | Killed a two-headed ogre
  3631 | D:6      | Reached skill level 6 in Axes
  3631 | D:6      | Your scales start taking on a rich purple colour.
  3631 | D:6      | Reached XP level 7. HP: 62/62 MP: 6/10
  3693 | D:6      | Noticed a kobold demonologist
  3697 | D:6      | Noticed stillor's ghost (novice DrTm)
  3698 | D:6      | Found a transporter.
  3698 | D:6      | XOM: enchant monster (bad)
  3716 | D:6      | Found a transporter.
  3718 | D:6      | Noticed Maggie
  3754 | D:6      | XOM: chaos upgrade
  3778 | D:6      | Reached XP level 8. HP: 37/69 MP: 11/11
  3790 | D:6      | XOM: scenery: create altars
  3792 | D:6      | HP: 3/65 [wight (6)]
  3797 | D:6      | XOM: chaos upgrade
  3844 | D:6      | HP: 3/63 [wight (2)]
  3845 | D:6      | Mangled by a wight

Illustrated notes

Levels and vault maps discovered:
D:1:      scummos_arrival_gate, layout_loops_ring,
          dreamdust_ecumenical_altar_grove, minmay_split_cup_small
D:2:      layout_basic, basic_altar, minmay_indecisive_spiral
D:3:      layout_loops_ring, dk_noncrumbling_4, minmay_shallow_snake_nest,
          uniq_terence
D:6:      layout_basic, gammafunk_ghost_arena, uniq_maggie

Skill      XL: |  1  2  3  4  5  6 |
---------------+-------------------+-----
Fighting       | 4 5 |  5.8
Axes           | 5 6 |  6.6
Dodging        | 3 |  3.8
Spellcasting   | 2 |  2.5
Transmutations | 2 |  2.2
Earth Magic    | 2 |  2.3

Action                   |  1- 3 |  4- 6 |  7- 9 || total
-------------------------+-------+-------+-------++-------
Melee: Hand axe          |    73 |   127 |    14 ||   214
       Tailslap          |     4 |    12 |     2 ||    18
  Use: Scroll            |     2 |     4 |       ||     6
       Potion            |     1 |     6 |       ||     7
 Stab: Sleeping          |       |     2 |       ||     2
       Paralysed         |       |     2 |       ||     2
Armor: Skin              |    22 |    40 |     1 ||    63
Dodge: Dodged            |    47 |    71 |    15 ||   133
Block: Other             |       |       |     3 ||     3

Table legend: (Time is in decaauts)
 A = Elapsed time spent in this place.
 B = Non-inter-level travel time spent in this place.
 C = Inter-level travel time spent in this place.
 D = Time resting spent in this place.
 E = Time spent auto-exploring this place.
 F = Levels seen in this place.
 G = Mean time per level.
                   A        B        C        D        E       F      G
               +--------+--------+--------+--------+--------+-----+--------+
         Total |   3857 |   3744 |    113 |    683 |   2219 |   4 |  964.2 |
       Dungeon |   3857 |   3744 |    113 |    683 |   2219 |   4 |  964.2 |
               +--------+--------+--------+--------+--------+-----+--------+

Top non-repeatable levels by time:
     D:2: 1535 daAuts
     D:1: 1183 daAuts
     D:6: 651 daAuts
     D:3: 487 daAuts
